 Dungeon Crawl Stone Soup version 0.27-a0-1188-g73eefd5def (webtiles) character file.

Game seed: 3844510437807521612

47456 rageheart7 the Warrior (level 14, -3/100 HPs)
             Began as a Kobold Monk on May 21, 2021.
             Was a Believer of Uskayaw.
             Slain by a minotaur
             ... wielding the +9 sword of Zonguldrok {reap}
              (8 damage)
             ... in a Gauntlet.
             The game lasted 00:38:57 (19024 turns).

rageheart7 the Warrior (Kobold Monk)               Turns: 19024, Time: 00:38:58

Health: -3/100     AC: 13    Str: 21    XL:     14   Next: 81%
Magic:  21/21      EV: 24    Int:  9    God:    Uskayaw [**....]
Gold:   709        SH:  5    Dex: 19    Spells: 12/13 levels left

rFire    + . .     SeeInvis +   l - +7 quick blade of Entrepreneurial Spirit {vorpal, Int+2}
rCold    . . .     Faith    .   (shield restricted)
rNeg     . . .     Spirit   .   o - +1 robe of Ogio {rPois rF+ Int-4 Slay+3}
rPois    +         Reflect  +   q - +2 helmet {SInv}
rElec    .         Harm     .   B - scarf {shadows}
rCorr    +         Rampage  .   w - +1 pair of gloves of Orghafod {rCorr Str+3}
Will     +....     NoTele   +   (no boots)
Stlth    ++++++++..             s - amulet of Jigiceoc {Reflect Int-2 Dex+2 SH+5 Stlth+}
HPRegen  0.26/turn              c - +6 ring of strength
MPRegen  0.17/turn              j - +4 ring of protection

@: flying
A: small, no large weapons, nightstalker 3
a: Renounce Religion, Stomp, Line Pass


You were in a Gauntlet.
You worshipped Uskayaw.
Uskayaw was aware of your devotion.
You visited 2 branches of the dungeon, and saw 16 of its levels.
You also visited: Gauntlet.

You collected 1923 gold pieces.
You spent 1214 gold pieces at shops.

Inventory:

Hand Weapons
 l - the +7 quick blade of Entrepreneurial Spirit (weapon) {vorpal, Int+2}
   (You bought it in a shop on level 1 of the Dungeon)

   It inflicts extra damage upon your enemies.
   It affects your intelligence (+2).
 p - the +9 rapier "Aticwimy" {holy, rPois Int+2 Stlth+}
   (You found it on level 14 of the Dungeon)

   It has been blessed by the Shining One to cause great damage to the undead
   and demons.
   It affects your intelligence (+2).
   It protects you from poison.
   It makes you more stealthy.
Missiles
 f - 2 throwing nets
 m - 5 atropa-tipped darts (quivered)
 t - 4 boomerangs of dispersal
 u - 14 curare-tipped darts
Armour
 o - the +1 robe of Ogio (worn) {rPois rF+ Int-4 Slay+3}
   (You found it on level 4 of the Dungeon)

   It affects your intelligence (-4).
   It affects your accuracy and damage with ranged weapons and melee attacks
   (+3).
   It protects you from fire.
   It protects you from poison.
 q - a +2 helmet of see invisible (worn)
 w - the +1 pair of gloves of Orghafod (worn) {rCorr Str+3}
   (You found it in a Gauntlet)

   It affects your strength (+3).
   It protects you from acid and corrosion.
 B - a scarf of shadows (worn)
Jewellery
 c - a +6 ring of strength (left hand)
 g - a ring of protection from cold
 j - a +4 ring of protection (right hand)
 s - the amulet of Jigiceoc (around neck) {Reflect Int-2 Dex+2 SH+5 Stlth+}
   (You bought it in a shop on level 8 of the Dungeon)

   [amulet of reflection]

   It reflects blocked missile attacks.
   It affects your intelligence (-2).
   It affects your dexterity (+2).
   It affects your SH (+5).
   It makes you more stealthy.
 C - an amulet of faith
 D - a ring of poison resistance
Wands
 a - a wand of mindburst (10)
 v - a wand of digging (6)
 z - a wand of iceblast (26)
 H - a wand of acid (1)
Scrolls
 b - 5 scrolls of identify
 d - 2 scrolls of magic mapping
 h - 5 scrolls of teleportation
 i - 5 scrolls of enchant weapon
 k - a scroll of blinking
 n - 4 scrolls of enchant armour
 r - 2 scrolls of amnesia
Potions
 e - 4 potions of lignification
 F - 2 potions of ambrosia


   Skills:
 - Level 16.2 Fighting
 + Level 10.5 Short Blades
 + Level 9.0 Armour
 + Level 13.0 Dodging
 - Level 15.0 Stealth
 - Level 10.0 Invocations


You had 12 spell levels left.
You knew the following spells:

 Your Spells              Type           Power      Damage    Failure   Level
a - Corona                Hex            0%         N/A       38%         1

Your spell library contained the following spells:

 Spells                   Type           Power      Damage    Failure   Level
 Animate Skeleton         Necr           0%         N/A       38%         1
 Apportation              Tloc           0%         N/A       38%         1
 Beastly Appendage        Tmut           0%         N/A       38%         1
 Pain                     Necr           0%         1d4       38%         1
 Summon Small Mammal      Summ           0%         N/A       38%         1
 Slow                     Hex            0%         N/A       52%         2
 Wereblood                Tmut           0%         N/A       52%         2
 Inner Flame              Hex/Fire       0%         N/A       77%         3
 Portal Projectile        Hex/Tloc       0%         N/A       77%         3
 Spider Form              Tmut/Pois      0%         N/A       77%         3
 Stone Arrow              Conj/Erth      0%         3d7       77%         3
 Vampiric Draining        Necr           0%         2d6       77%         3
 Animate Armour           Summ/Erth      0%         N/A       99%         4
 Animate Dead             Necr           0%         N/A       99%         4
 Cause Fear               Hex            0%         N/A       99%         4
 Ice Form                 Ice/Tmut       0%         N/A       99%         4
 Leda's Liquefaction      Hex/Erth       0%         N/A       99%         4
 Agony                    Necr           0%         N/A       100%        5
 Bolt of Magma            Conj/Fire/Erth 0%         4d4       100%        5
 Hydra Form               Tmut           0%         N/A       100%        5
 Iskenderun's Battlesphe  Conj           0%         2d6       100%        5
 Metabolic Englaciation   Hex/Ice        0%         N/A       100%        5
 Silence                  Hex/Air        0%         N/A       100%        5
 Yara's Violent Unravell  Hex/Tmut       0%         3d3       100%        5
 Iron Shot                Conj/Erth      0%         9d1       100%        6
 Statue Form              Tmut/Erth      0%         N/A       100%        6
 Orb of Destruction       Conj           0%         N/A       100%        7
 Spellforged Servitor     Conj/Summ      0%         N/A       100%        7
 Discord                  Hex            0%         N/A       100%        8
 Shatter                  Erth           0%         3d5*      100%        9


Dungeon Overview and Level Annotations

Branches:
Dungeon (15/15)            Temple (1/1) D:6            Lair (0/6) D:9
    Orc (0/2) D:11         Vaults (0/5) D:14         Depths (0/5) D:15
Gauntlet (1/1)

Altars:
Ashenzari
Cheibriados
Dithmenos
Elyvilon
Fedhas
Gozag
Hepliaklqana
Kikubaaqudgha
Makhleb
Nemelex Xobeh
Okawaru
Qazlal
Ru
Sif Muna
Trog
Uskayaw
Vehumet
Wu Jian
Xom
Yredelemnul
Zin
The Shining One
Beogh

Shops:
D:1 :[((?   D:2 (   D:4 [   D:8 [(=*   D:9 =   D:10 =

Annotations:
Gauntlet 8 transporters


Innate Abilities, Weirdness & Mutations

You are small and have problems with some larger weapons.
You are completely attuned to the shadows.


Message History

You feel very buoyant.
You fly up into the air.
The minotaur hits you with the +9 sword of Zonguldrok {reap}!!
The minotaur gores you but does no damage.
You hit the minotaur.
The minotaur is lightly wounded.
You hit the minotaur but do no damage.
The minotaur is lightly wounded.
You puncture the minotaur!
The minotaur is lightly wounded.
The minotaur hits you with the +9 sword of Zonguldrok {reap}!
The minotaur gores you but does no damage.
You hit the minotaur.
The minotaur is moderately wounded.
You hit the minotaur but do no damage.
The minotaur is moderately wounded.
You hit the minotaur but do no damage.
The minotaur is moderately wounded.
You hit the minotaur.
The minotaur is moderately wounded.
The minotaur hits you with the +9 sword of Zonguldrok {reap}!!
The minotaur misses you.
You hit the minotaur.
The minotaur is moderately wounded.
You can now pass through a line of other dancers.
You hit the minotaur.
The minotaur is heavily wounded.
You hit the minotaur but do no damage.
The minotaur is heavily wounded.
The minotaur completely misses you. The minotaur gores you!
You hit the minotaur.
The minotaur is heavily wounded.
You hit the minotaur.
The minotaur is heavily wounded.
You hit the minotaur but do no damage.
The minotaur is heavily wounded.
The minotaur hits you with the +9 sword of Zonguldrok {reap}!!
* * * LOW HITPOINT WARNING * * *
The minotaur gores you!
You die...

##...#....
#§§..#####
##########........
#...##.####.8.....
#.#.##..##≈.......
#.#......##...####
#.#.##....#...#©#. '
#...##.©8.#...##".
⌠.##@#.##....#...#.}
(..H.#....©8.#.8.###
.∩##.#.##....#...#..
. #...##.©8.#...#.##
#.#.##....#...#...
#.#......##...####
#.#.##..##≈.......
#...##.####.8.....
##########........


You could see a minotaur.

Vanquished Creatures
  Jorgrun (D:13)
  Frances (D:12)
  Roxanne (D:14)
  Snorg (D:11)
  Josephine (D:14)
  The ghost of ZappyNine the Grappler, a journeyman TrTm of Dithmenos (D:9)
  2 boulder beetles (D:14)
  A hydra (D:14)
  An ogre mage (D:14)
  4 centaur warriors
  2 catoblepae
  7 two-headed ogres
  3 death yaks (Gauntlet)
  A tengu warrior (D:14)
  A shadow wraith (D:14)
  Pikel (D:7)
  A necromancer (Gauntlet)
  A deep elf pyromancer (D:14)
  3 manticores
  A lindwurm (D:14)
  An oklob plant (D:13)
  4 cyclopes
  11 ugly things
  2 molten gargoyles (Gauntlet)
  3 gargoyles
  Psyche (D:12)
  2 efreet
  A freezing wraith (D:14)
  A tengu conjurer (D:14)
  3 trolls
  The ghost of Sobieck the Cleaver, an amateur HOMo (D:6)
  A queen bee (D:9)
  4 hornets
  5 slime creatures (D:12)
  A wyvern (D:11)
  A vampire (D:11)
  2 fire elementals (D:14)
  7 wraiths
  17 yaks
  4 vampire mosquitoes (D:13)
  Menkaure (D:6)
  A warg (D:11)
  A water moccasin (D:8)
  2 acid dragons
  Duvessa (D:7)
  3 black bears
  10 orc warriors
  An ice beast (D:7)
  2 sky beasts
  A necrophage (D:4)
  9 centaurs
  A lemure (D:7)
  5 ogres
  2 kobold brigands (D:8)
  2 bullfrogs (D:7)
  Dowan (D:7)
  A wyvern skeleton (D:6)
  14 killer bees
  4 howler monkeys
  3 wights (D:9)
  A lava snake (D:14)
  3 hounds
  3 centaur zombies
  16 orc priests
  A centaur skeleton (D:6)
  9 jellies
  2 gnoll shamans
  Terence (D:2)
  3 iguanas
  15 orc wizards
  A hound skeleton (D:5)
  13 gnolls
  4 adders
  A white imp (D:6)
  2 adder skeletons (D:4)
  A worm (D:4)
  10 dart slugs
  64 orcs
  4 ball pythons
  6 bats
  16 endoplasms
  7 giant cockroaches
  9 goblins
  9 hobgoblins
  15 jackals
  3 quokkas
  15 frilled lizards
  16 kobolds
  8 rats
430 creatures vanquished.

Vanquished Creatures (others)
  9 fungi
  10 plants
  14 withered plants (Gauntlet)
33 creatures vanquished.

Grand Total: 463 creatures vanquished

Notes
Turn   | Place    | Note
-------+----------+-------------------------------------------
     0 | D:1      | rageheart7 the Kobold Monk began the quest for the Orb.
     0 | D:1      | Reached XP level 1. HP: 14/14 MP: 1/1
   108 | D:1      | Found Fikhleho's Armour Boutique.
   135 | D:1      | Found Xogischakh's Antique Weapon Boutique.
   202 | D:1      | Reached XP level 2. HP: 14/19 MP: 2/2
   584 | D:1      | Reached XP level 3. HP: 23/24 MP: 3/3
   610 | D:1      | Reached skill level 4 in Fighting
   631 | D:1      | Found Uvumeff's Magic Scroll Shoppe.
   637 | D:1      | Found a faded altar of an unknown god.
   660 | D:1      | Reached skill level 5 in Short Blades
  1005 | D:1      | Found Polik's Book Boutique.
  1143 | D:1      | Found Hebim's Weapon Emporium.
  1526 | D:2      | Reached XP level 4. HP: 29/29 MP: 4/4
  2244 | D:2      | Noticed Terence
  2247 | D:2      | Found Ditwaos's Antique Weapon Emporium.
  2248 | D:2      | Killed Terence
  2249 | D:2      | Reached XP level 5. HP: 34/34 MP: 5/5
  2865 | D:3      | Reached skill level 5 in Fighting
  2979 | D:3      | Learned a level 1 spell: Corona
  3769 | D:4      | Noticed a necrophage
  3781 | D:4      | Killed a necrophage
  3782 | D:4      | Reached XP level 6. HP: 40/40 MP: 6/6
  4173 | D:4      | Identified the +1 robe of Ogio {rPois rF+ Int-4 Slay+3}
  4180 | D:4      | Found Eqeukkou's Antique Armour Emporium.
  4262 | D:4      | Noticed a black bear
  4268 | D:4      | Killed a black bear
  4268 | D:4      | Noticed a hornet
  4269 | D:4      | Reached skill level 6 in Fighting
  4269 | D:4      | Reached XP level 7. HP: 43/46 MP: 7/7
  4276 | D:4      | Paralysed by a hornet for 2 turns
  4280 | D:4      | Killed a hornet
  4780 | D:4      | Found a burning altar of Makhleb.
  4908 | D:5      | Entered Level 5 of the Dungeon
  4965 | D:5      | Reached skill level 7 in Fighting
  5022 | D:5      | Reached XP level 8. HP: 53/53 MP: 8/8
  5853 | D:6      | Found a staircase to the Ecumenical Temple.
  5883 | Temple   | Entered the Ecumenical Temple
  6146 | Temple   | Became a worshipper of Uskayaw the Reveller
  6146 | Temple   | Reached * piety under Uskayaw
  6305 | D:6      | Reached skill level 8 in Fighting
  6306 | D:6      | Reached ** piety under Uskayaw
  6313 | D:6      | Reached *** piety under Uskayaw
  6316 | D:6      | Reached **** piety under Uskayaw
  6540 | D:6      | Noticed Menkaure
  6547 | D:6      | Killed Menkaure
  6548 | D:6      | Reached skill level 10 in Short Blades
  6548 | D:6      | Reached skill level 5 in Stealth
  6613 | D:6      | Found a runed translucent door.
  6949 | D:6      | Identified a scroll of acquirement
  6949 | D:6      | Acquired 748 gold pieces
  7105 | D:1      | Bought a shimmering quick blade for 600 gold pieces
  7105 | D:1      | Identified the +7 quick blade of Entrepreneurial Spirit
                  | {vorpal, Int+2} (You bought it in a shop on level 1 of the
                  | Dungeon)
  7303 | D:6      | Noticed Sobieck's ghost (amateur HOMo)
  7307 | D:6      | Killed Sobieck's ghost
  7308 | D:6      | Reached XP level 9. HP: 59/59 MP: 9/9
  7426 | D:7      | Noticed Duvessa
  7429 | D:7      | Noticed Dowan
  7430 | D:7      | Killed Duvessa
  7435 | D:7      | Killed Dowan
  7488 | D:7      | Reached skill level 10 in Stealth
  7551 | D:7      | Reached skill level 1 in Armour
  7571 | D:7      | Noticed Pikel
  7586 | D:7      | Killed Pikel
  7587 | D:7      | Reached skill level 5 in Dodging
  7607 | D:7      | Reached XP level 10. HP: 54/64 MP: 10/10
  7979 | D:7      | Acquired a manual of Fighting
  8037 | D:8      | Found Cuneohi's Antique Weapon Boutique.
  8043 | D:8      | Noticed a five-headed hydra
  8288 | D:8      | Found Luryil's General Store.
  8293 | D:8      | Bought the amulet of Jigiceoc {Reflect Int-2 Dex+2 SH+5
                  | Stlth+} for 517 gold pieces
  8293 | D:8      | Bought a scroll of enchant weapon for 97 gold pieces
  8444 | D:8      | Noticed a two-headed ogre
  8448 | D:8      | Killed a two-headed ogre
  8449 | D:8      | Reached skill level 10 in Fighting
  8669 | D:8      | Noticed a centaur warrior
  8673 | D:8      | Killed a centaur warrior
  8674 | D:8      | Reached skill level 11 in Fighting
  8744 | D:8      | Reached skill level 12 in Fighting
  8797 | D:8      | Found Mounk's Antique Armour Boutique.
  8869 | D:8      | Found Idweroas's Jewellery Shoppe.
  9058 | D:9      | Noticed a two-headed ogre
  9062 | D:9      | Noticed a cyan ugly thing
  9117 | D:9      | Reached ***** piety under Uskayaw
  9123 | D:9      | Reached XP level 11. HP: 44/75 MP: 11/11
  9125 | D:9      | Reached ****** piety under Uskayaw
  9179 | D:9      | Identified the +1 robe of the Pink Corner {Harm Dex+2}
  9405 | D:9      | Killed a cyan ugly thing
  9406 | D:9      | Reached skill level 13 in Fighting
  9643 | D:9      | Killed a two-headed ogre
  9644 | D:9      | Reached skill level 14 in Fighting
  9860 | D:9      | Found a transporter.
  9861 | D:9      | Found a transporter.
  9909 | D:9      | Found a staircase to the Lair.
 10236 | D:9      | Reached skill level 15 in Fighting
 10314 | D:9      | Found Erezyuxi's Jewellery Boutique.
 10467 | D:10     | Entered Level 10 of the Dungeon
 10845 | D:10     | Found a shimmering altar of Xom.
 10845 | D:10     | Found an opulent altar of Gozag.
 10849 | D:10     | Found an ancient bone altar of Kikubaaqudgha.
 10852 | D:10     | Found a basalt altar of Yredelemnul.
 10854 | D:10     | Found a shimmering blue altar of Sif Muna.
 10855 | D:10     | Found a broken altar of Ashenzari.
 10855 | D:10     | Found a glowing silver altar of Zin.
 11130 | D:10     | Found Olluy's Jewellery Boutique.
 11285 | D:11     | Found a staircase to the Orcish Mines.
 11294 | D:11     | Reached XP level 12. HP: 88/88 MP: 12/12
 11383 | D:11     | Reached skill level 16 in Fighting
 11731 | D:11     | Noticed Snorg
 11733 | D:11     | Killed Snorg
 12042 | D:11     | Found a white marble altar of Elyvilon.
 12445 | D:9      | Noticed ZappyNine's ghost (journeyman TrTm)
 12462 | D:9      | Reached skill level 1 in Invocations
 12472 | D:9      | Killed ZappyNine's ghost
 12473 | D:9      | Reached skill level 15 in Stealth
 12782 | D:12     | You fall into a shaft and drop 2 floors!
 12783 | D:14     | Noticed a tengu warrior
 12793 | D:14     | Killed a tengu warrior
 12794 | D:14     | Reached skill level 5 in Armour
 12840 | D:14     | Reached skill level 5 in Invocations
 13070 | D:14     | Noticed a boulder beetle
 13089 | D:14     | Noticed a seven-headed hydra
 13093 | D:14     | Killed a seven-headed hydra
 13181 | D:13     | Reached XP level 13. HP: 94/94 MP: 17/17
 13296 | D:12     | Noticed a centaur warrior
 13303 | D:12     | Killed a centaur warrior
 13504 | D:12     | Noticed Psyche
 13526 | D:12     | Killed Psyche
 13974 | D:12     | You fall into a shaft and drop 1 floor!
 14004 | D:13     | Noticed Frances
 14245 | D:13     | Noticed a centaur warrior
 14269 | D:12     | Killed Frances
 14413 | D:12     | Killed a centaur warrior
 14583 | D:13     | Reached skill level 10 in Dodging
 14678 | D:13     | Noticed Jorgrun
 14751 | D:13     | Killed Jorgrun
 14960 | D:13     | Noticed a catoblepas
 14987 | D:13     | Killed a catoblepas
 16359 | D:14     | Noticed a centaur warrior
 16362 | D:14     | Killed a centaur warrior
 16373 | D:14     | Noticed Josephine
 16386 | D:14     | Killed Josephine
 16387 | D:14     | Reached XP level 14. HP: 100/100 MP: 21/21
 16389 | D:14     | Reached skill level 10 in Invocations
 17367 | D:14     | Found a gate to the Vaults.
 17534 | D:14     | Noticed Roxanne
 18354 | D:14     | Identified the +9 rapier "Aticwimy" {holy, rPois Int+2
                  | Stlth+}
 18415 | D:14     | Killed Roxanne
 18426 | D:15     | Entered Level 15 of the Dungeon
 18448 | D:15     | Found a gate leading to a gauntlet.
 18454 | D:15     | Identified Celed's Compendium of the Mountains and
                  | Enchantment
 18459 | Gauntlet | Entered a Gauntlet
 18459 | Gauntlet | Found a transporter.
 18466 | Gauntlet | Found a transporter.
 18505 | Gauntlet | Found a transporter.
 18529 | Gauntlet | Found a transporter.
 18549 | Gauntlet | Found a transporter.
 18582 | Gauntlet | Noticed a reaper
 18599 | Gauntlet | Found a transporter.
 18640 | Gauntlet | Found a transporter.
 18771 | Gauntlet | Found a transporter.
 18807 | Gauntlet | Found a transporter.
 18807 | Gauntlet | Found a transporter.
 18841 | Gauntlet | Found a transporter.
 18841 | Gauntlet | Found a transporter.
 18941 | Gauntlet | Identified the +1 pair of gloves of Orghafod {rCorr Str+3}
 19006 | Gauntlet | Noticed a minotaur
 19024 | Gauntlet | HP: 5/100 [minotaur/the +9 sword of Zonguldrok {reap} (34)]
 19024 | Gauntlet | Slain by a minotaur

Illustrated notes

Levels and vault maps discovered:
D:1:      erik_arrival_orb_chamber, layout_basic, basic_ecumenical_altar,
          serial_shops, nicolae_shop_behind_doors, shop_statue, shop,
          shop_coins, nicolae_shop_crystal, minmay_misc_feat_rows
D:2:      layout_basic, serial_shops, shop, st_stairs_13, minmay_heptomino_w4,
          uniq_terence
D:3:      layout_loops_corners, nrook_mini_vaults
D:4:      layout_cave_pods, makhleb_blood_cavern_becter, serial_shops, shop
D:5:      layout_loops_ring, minmay_lizard_king
D:6:      layout_basic, minmay_temple_entry_grid, ebering_ghost_reflecting_pool,
          serial_glass, glass_columns_b, glass_columns_b, glass_columns_a,
          glass_columns_a, item_on_display_a, uniq_menkaure
D:7:      layout_basic, uniq_pikel, uniq_duvessa
D:8:      layout_loops_ring, serial_shops, shop, shop, shop,
          kennysheep_mini_moat
D:9:      layout_loops_cross, grunt_lair_entry_orc_guard_hut, special_room
          [special_room_orc], gammafunk_ghost_hive, serial_shops, shop,
          amcnicky_mini_pool_small
D:10:     layout_loops_ring, minitemple, serial_shops, shop
D:11:     layout_loops_ring, erik_orc_4, nicolae_elyvilon_peaceful_grove,
          uniq_snorg
D:12:     layout_roguey, uniq_psyche
D:13:     lemuel_slime, layout_long_grid, uniq_frances, uniq_jorgrun
D:14:     layout_loops_ring, david_vaults_4, kennysheep_small_spiral,
          uniq_josephine, uniq_roxanne
D:15:     grunt_enter_depths_magical_seal, layout_irregular_city,
          gauntlet_entry_generic, nemelex_spade_bored_becter, uniq_agnes
Temple:   dpeg_chambers_temple
Gauntlet: minmay_gauntlet_mixed_oops_all_seconds [minmay_gauntlet_arena_77_box,
          nicolae_gauntlet_arena_x, minmay_gauntlet_arena_77_two_lines,
          nicolae_gauntlet_arena_grate_2,
          minmay_gauntlet_arena_77_radiant_squares,
          gammafunk_gauntlet_arena_arrow_garden, gauntlet_exit_hidden_loot]

Skill      XL: |  1  2  3  4  5  6  7  8  9 10 11 12 13 14 |
---------------+-------------------------------------------+-----
Fighting       | 4 5 6 7 8 12 15 16 | 16.2
Short Blades   | 5 6 7 8 10 | 10.5
Stealth        | 7 10 12 14 15 | 15.0
Dodging        | 5 6 8 10 13 | 13.0
Armour         | 2 3 5 7 9 |  9.0
Invocations    | 5 9 10 | 10.0

Action                   |  1- 3 |  4- 6 |  7- 9 | 10-12 | 13-15 || total
-------------------------+-------+-------+-------+-------+-------++-------
Melee: Short sword       |    74 |       |       |       |       ||    74
       Dagger            |     9 |   144 |   150 |       |       ||   303
       Quick blade       |       |       |    60 |   427 |   454 ||   941
Throw: Dart              |       |       |       |       |     3 ||     3
Invok: Stomp             |       |       |       |     3 |       ||     3
       Line Pass         |       |       |       |       |     1 ||     1
       Grand Finale      |       |       |       |       |     1 ||     1
Evoke: Wand              |       |       |       |     3 |       ||     3
  Use: Scroll            |     1 |     4 |     8 |     5 |     6 ||    24
       Potion            |       |     2 |     5 |     4 |     7 ||    18
 Stab: Sleeping          |    19 |    20 |    18 |    52 |    16 ||   125
       Distracted        |     1 |       |     1 |     4 |     2 ||     8
       Paralysed         |       |       |     4 |    19 |    28 ||    51
       Confused          |       |       |       |       |     1 ||     1
Armor: Robe              |     5 |     5 |    19 |    31 |    29 ||    89
       Skin              |       |       |     1 |       |       ||     1
Dodge: Dodged            |    48 |    80 |    73 |   107 |   110 ||   418
Block: Other             |       |       |       |    33 |    29 ||    62
       Reflection        |       |       |       |     1 |     1 ||     2

Table legend: (Time is in decaauts)
 A = Elapsed time spent in this place.
 B = Non-inter-level travel time spent in this place.
 C = Inter-level travel time spent in this place.
 D = Time resting spent in this place.
 E = Time spent auto-exploring this place.
 F = Levels seen in this place.
 G = Mean time per level.
                   A        B        C        D        E       F      G
               +--------+--------+--------+--------+--------+-----+--------+
         Total |  18241 |  17129 |   1112 |   1321 |  13415 |  17 | 1073.0 |
       Dungeon |  17420 |  16342 |   1078 |   1321 |  12830 |  15 | 1161.3 |
        Temple |    284 |    250 |     34 |      0 |    248 |   1 |  284.0 |
      Gauntlet |    536 |    536 |      0 |      0 |    337 |   1 |  536.0 |
               +--------+--------+--------+--------+--------+-----+--------+

Top non-repeatable levels by time:
    D:14: 2271 daAuts
    D:13: 1852 daAuts
     D:1: 1602 daAuts
     D:9: 1473 daAuts
    D:12: 1352 daAuts
     D:4: 1255 daAuts
     D:3: 1247 daAuts
    D:11: 1127 daAuts
     D:2: 991 daAuts
     D:8: 979 daAuts
     D:6: 957 daAuts
     D:5: 902 daAuts
    D:10: 779 daAuts
     D:7: 594 daAuts
Gauntlet: 536 daAuts
